 Dungeon Crawl Stone Soup version 0.29-a0-887-gcbe080d7e0 (webtiles) character file.

Game seed: 3714299077182618581

7 iguanaiguana the Trooper (level 2, 0/26 HPs)
             Began as a Djinni Wanderer on July 22, 2022.
             Slain by a jackal (1 damage)
             ... on level 1 of the Dungeon.
             The game lasted 00:01:42 (80 turns).

iguanaiguana the Trooper (Djinni Wanderer)            Turns: 80, Time: 00:01:42

Health: 0/26       AC:  3    Str:  9    XL:     2   Next: 5%
Gold:   0          EV: 11    Int: 16    God:
                   SH:  0    Dex: 11

rFire   + + .      SeeInvis .   a - +0 dagger
rCold   . . .      Faith    .   (no shield)
rNeg    . . .      Spirit   .   d - +0 robe
rPois   ∞          Reflect  .   (no helmet)
rElec   .          Harm     .   b - +0 cloak
rCorr   .          Rampage  .   (no gloves)
Will    .....                   (boots unavailable)
Stlth   +.........              (no amulet)
HPRegen 0.08/turn               f - ring of protection from cold
MPRegen 0.00/turn               (no ring)

@: brilliant, flying, very slightly contaminated
A: sickness immunity, fire resistance 2, cold vulnerability 1, float, innate
caster, HP casting, extra vitality 1
a: no special abilities


You were on level 1 of the Dungeon.
You visited 1 branch of the dungeon, and saw 1 of its levels.

Inventory:

Hand Weapons
 a - a +0 dagger (weapon)
Armour
 b - a +0 cloak (worn)
 d - a +0 robe (worn)
Jewellery
 f - a ring of protection from cold (left hand)


   Skills:
 - Level 4.0 Fighting
 * Level 1.0 Short Blades
 - Level 1.0 Armour
 - Level 1.1 Dodging
 + Level 1.7 Spellcasting
 - Level 1.0 Evocations


You couldn't memorise any spells.
You knew the following spells:

 Your Spells              Type           Power      Damage    Failure   Level
a - Necrotise             Necr           40%        1d6       11%         1
b - Dispel Undead         Necr           10%        3d9       71%         4
c - Vampiric Draining     Necr           10%        2d6       30%         3

Your spell library contained the following spells:

 Spells                   Type           Power      Damage    Failure   Level


Dungeon Overview and Level Annotations

Branches:
Dungeon (1/15) Zot: 5920

Altars:


Innate Abilities, Weirdness & Mutations

You are immune to sickness and miasma.
You are immune to poison.
Your flesh is very heat resistant. (rF++)
You are vulnerable to cold. (rC-)
You float through the air rather than walking.
You learn spells naturally, not from books.
Your magical power is your life essence.
You have superior vitality. (+4 MHP)


Message History

You aren't carrying any scrolls.
Unknown command.
Hit: a) +0 dagger
Press: ? - help, Dir - move target, f - jackal
Aim: a jackal (lightly wounded, ally target, about 44% to evade your +0 dagger)
Okay, then.
Hit: a) +0 dagger
Press: ? - help, Dir - move target, f - jackal
Aim: a jackal (lightly wounded, ally target, about 44% to evade your +0 dagger)
You hit the jackal.
The jackal is moderately wounded.
Something hits your goblin skeleton. x2
Hit: a) +0 dagger
Press: ? - help, Dir - move target, f/p - jackal
Aim: a jackal (moderately wounded, ally target, about 44% to evade your +0 dagger)
You hit the jackal.
The jackal is severely wounded.
Something hits your goblin skeleton.
Your goblin skeleton is destroyed!
Hit: a) +0 dagger
Press: ? - help, Dir - move target, f/p - jackal
Aim: a jackal (severely wounded, about 44% to evade your +0 dagger)
You closely miss the jackal.
The jackal is severely wounded.
Hit: a) +0 dagger
Press: ? - help, Dir - move target, f/p - jackal
Aim: a jackal (severely wounded, about 44% to evade your +0 dagger)
You closely miss the jackal.
The jackal is severely wounded.
The jackal bites you.
* * * LOW HITPOINT WARNING * * *
You aren't carrying any potions.
You aren't carrying any scrolls.
Hit: a) +0 dagger
Press: ? - help, Dir - move target, f/p - jackal
Aim: a jackal (severely wounded, about 44% to evade your +0 dagger)
You closely miss the jackal.
The jackal is severely wounded.
The jackal bites you.
You die...

#+# #.# #.# ####.#
#+###.##.###.#
#######.##...#.....#
........#@.#.)###..##
....)...h.#.#........#
.........#...#.......#
....#######.#######..
#h. ##.......## .
##.........##
##...........##
#.............#
#.............#


You could see a jackal.

Vanquished Creatures
  A dart slug (D:1)
  2 goblins (D:1)
  A jackal (D:1)
4 creatures vanquished.

Notes
Turn   | Place    | Note
-------+----------+-------------------------------------------
     0 | D:1      | iguanaiguana the Djinni Wanderer began the quest for the
                  | Orb.
     0 | D:1      | iguanaiguana set off with the following items: a +0 dagger,
                  | a +0 cloak, a potion of brilliance, a +0 robe, a potion of
                  | curing {@q1}the following spells memorised: Necrotise,
                  | Dispel Undead, Vampiric Draining.
     0 | D:1      | Reached XP level 1. HP: 21/21 MP: 0/0
    74 | D:1      | Reached skill level 1 in Short Blades
    74 | D:1      | Reached XP level 2. HP: 5/26 MP: 0/0
    79 | D:1      | HP: 1/26 [jackal (2)]
    80 | D:1      | Slain by a jackal

Illustrated notes

Levels and vault maps discovered:
D:1:      psy_arrival_dodecagon, layout_basic, ebering_ecumenical_altar_hall

Skill      XL: |  1 |
---------------+----+-----
Short Blades   | 1 |  1.0
Fighting       | |  4.0
Armour         | |  1.0
Dodging        | |  1.1
Spellcasting   | |  1.7
Evocations     | |  1.0

Action                   || total
-------------------------++-------
Melee: Dagger            ||     7
 Cast: Necrotise         ||    14
  Use: Potion            ||     2
Armor: Robe              ||     2
Dodge: Dodged            ||    10

Table legend: (Time is in decaauts)
 A = Elapsed time spent in this place.
 B = Non-inter-level travel time spent in this place.
 C = Inter-level travel time spent in this place.
 D = Time resting spent in this place.
 E = Time spent auto-exploring this place.
 F = Levels seen in this place.
 G = Mean time per level.
                   A        B        C        D        E       F      G
               +--------+--------+--------+--------+--------+-----+--------+
         Total |     79 |     79 |      0 |      0 |     42 |   1 |   79.0 |
       Dungeon |     79 |     79 |      0 |      0 |     42 |   1 |   79.0 |
               +--------+--------+--------+--------+--------+-----+--------+

Top non-repeatable levels by time:
     D:1: 79 daAuts
